 Dungeon Crawl Stone Soup version 0.31-a0-700-gf13585253f (webtiles) character file.

Game seed: 14094208342845809745

4557 pokeman the Thaumaturge (level 10, -2/55 (56) HPs)
             Began as a Deep Elf Hedge Wizard on Sept 8, 2023.
             Was a Follower of Vehumet.
             Slain by a shadow (14 damage)
             ... on level 9 of the Dungeon.
             The game lasted 00:26:18 (9290 turns).

pokeman the Thaumaturge (Deep Elf Hedge Wizard)     Turns: 9290, Time: 00:26:19

HP:   -2/55 (56)    AC:  8    Str:  7    XL:     10   Next: 18%
MP:   13/28         EV: 13    Int: 30    God:    Vehumet [*.....]
Gold: 302           SH:  5    Dex: 14    Spells: 24/34 levels left

rFire   . . .        r - +5 scythe (freeze)
rCold   + . .        (shield currently unavailable)
rNeg    . . .        C - +2 robe {rC+}
rPois   .            z - +0 helmet
rElec   .            (no cloak)
rCorr   +            B - +2 pair of gloves
SInv    .            (no boots)
Will    +....        q - amulet of reflection
Stlth   ++           h - ring of resist corrosion
HPRegen 0.29/turn    x - +6 ring of intelligence
MPRegen 0.21/turn

%: reflection
@: lightly drained
A: no striking features
a: Renounce Religion


You were on level 9 of the Dungeon.
You worshipped Vehumet.
Vehumet was aware of your devotion.
You visited 2 branches of the dungeon, and saw 10 of its levels.
You also visited: Sewer.

You collected 442 gold pieces.
You spent 140 gold pieces at shops.

Inventory:

Hand Weapons
 n - a +2 sling of draining
 r - a +5 scythe of freezing (weapon)
 w - the +4 hand axe "Mutwur" {holy, Int+3}
   (You found it on level 3 of the Dungeon)

   Int+3:     It affects your intelligence (+3).
Missiles
 a - a throwing net
 u - 6 curare-tipped darts
Armour
 z - a +0 helmet (worn)
 B - a +2 pair of gloves (worn)
 C - a +2 robe of cold resistance (worn)
Magical Staves
 m - a staff of earth
 A - a staff of cold
 E - a staff of death
Jewellery
 h - a ring of resist corrosion (left hand)
 q - an amulet of reflection (around neck)
 x - a +6 ring of intelligence (right hand)
 J - a ring of wizardry
 L - a ring of protection from cold
Wands
 R - a wand of charming (7)
Scrolls
 c - 3 scrolls of poison {unknown}
 i - 2 scrolls of amnesia {unknown}
 j - 2 scrolls of fear {unknown}
 k - 7 scrolls of identify {unknown}
 o - a scroll of summoning {unknown}
 s - 2 scrolls of revelation {unknown}
 y - 2 scrolls of teleportation {unknown}
 F - a scroll of enchant weapon {unknown}
 G - 2 scrolls of blinking {unknown}
 K - a scroll of fog {unknown}
 M - a scroll of enchant armour {unknown}
 P - a scroll of noise {unknown}
Potions
 b - 2 potions of mutation {unknown}
 d - 2 potions of magic
 e - 2 potions of degeneration
 f - a potion of ambrosia {unknown}
 g - a potion of berserk rage {unknown}
 l - 3 potions of enlightenment {unknown}
 p - 2 potions of cancellation {unknown}
 t - 3 potions of heal wounds {unknown}
 v - 3 potions of might {unknown}
 D - 3 potions of lignification {unknown}
 H - 3 potions of haste {unknown}
 I - a potion of brilliance {unknown}
 N - a potion of attraction {unknown}
 O - 8 potions of curing
 Q - a potion of experience {unknown}


   Skills:
 + Level 3.9 Fighting
 - Level 3.0 Armour
 - Level 3.2 Dodging
 - Level 3.3 Stealth
 * Level 12.9 Spellcasting
 + Level 7.3 Conjurations
 - Level 1.1 Summonings
 - Level 1.1 Necromancy
 - Level 1.1 Translocations
 - Level 1.2 Ice Magic
 - Level 1.0 Air Magic
 + Level 6.1 Earth Magic
 - Level 1.1 Poison Magic
 - Level 1.3 Evocations


You had 24 spell levels left.
You knew the following spells:

 Your Spells              Type           Power      Damage    Failure   Level
a - Magic Dart            Conj           100%       1d8       1%          1
b - Mephitic Cloud        Conj/Pois/Air  38%        N/A       1%          3
c - Call Imp              Summ           52%        N/A       2%          2
d - Blink                 Tloc           52%        N/A       2%          2
e - Ensorcelled Hibernat  Hex/Ice        46%        N/A       3%          2

Your spell library contained the following spells:

 Spells                   Type           Power      Damage    Failure   Level
 Freeze                   Ice            100%       1d10      1%          1
 Sting                    Tmut/Pois      88%        1d7       1%          1
 Passwall                 Tmut/Erth      30%        N/A       1%          2
 Slow                     Hex            76%        N/A       2%          1
 Cigotuvi's Dreadful Rot  Necr/Pois/Air  52%        N/A       2%          2
 Poisonous Vapours        Pois/Air       52%        N/A       2%          2
 Ozocubu's Armour         Ice            27%        N/A       4%          3
 Swiftness                Air            25%        N/A       4%          3
 Olgreb's Toxic Radiance  Pois           26%        N/A       16%         4
 Ozocubu's Refrigeration  Ice            13%        4d10      100%        7


Dungeon Overview and Level Annotations

Branches:
Dungeon (9/15)             Temple (1/1) D:6           Sewer (visited)
   Lair: D:8-11         Orc: D:9-12

Altars:
Ashenzari
Cheibriados
Dithmenos
Elyvilon
Fedhas
Gozag
Hepliaklqana
Kikubaaqudgha
Makhleb
Nemelex Xobeh
Okawaru
Qazlal
Ru
Sif Muna
Trog
Uskayaw
Vehumet
Wu Jian
Xom
Yredelemnul
Zin
The Shining One

Shops:
D:7 ([(!

Annotations:
D:8 Mosquitos


Message History

You blink.
The shadow slips into darkness.
The shadow flickers and vanishes!
Deactivating autopickup; reactivate with Ctrl-A.
Casting: Blink (safe; 2% risk of failure)
Confirm with . or Enter, or press ? or * to list all spells.
A tiny devil pulls itself out of the air.
You swap places.
You feel stable enough to blink again.
The shadow strikes at your cerulean imp from the darkness!
Reactivating autopickup.
You open the door.
Found a scroll labelled JUPLUNTIOR.
Found a stone staircase leading down.
The shadow slips into darkness.
The shadow flickers and vanishes!
Deactivating autopickup; reactivate with Ctrl-A.
There is an open door here.
There's a creature in the doorway!
What are your orders? t - Shout!
Orders for allies: a - Attack new target. r - Retreat! s - Stop attacking. g - Guard the area. f - Follow me.
Anything else - Cancel.
Gang up on whom?
Press: ? - help, Dir - move target
Okay, then.
Unknown command.
What are your orders? t - Shout!
Orders for allies: a - Attack new target. r - Retreat! s - Stop attacking. g - Guard the area. f - Follow me.
Anything else - Cancel.
Retreat in which direction?
Press: ? - help, Dir - move target Fall back!
Something is blocking the doorway!
The shadow strikes at you from the darkness!
You die...

#....# #
#....#
#.##....#
#.......#
####.5..#
##.### #..#
####'######
#...@.....#
#.........+
#.........#
+.........#
#.....?.>.#
#.........#
#####+#####


You could see a friendly cerulean imp (summoned).

Vanquished Creatures
  Joseph (D:7)
  Sigmund (D:2)
  Eustachio (D:4)
  5 yaks (D:8)
  A steam dragon (D:7)
  Duvessa (D:4)
  2 orc warriors
  3 sky beasts
  2 ice beasts (D:6)
  3 ogres
  A phantom (D:6)
  5 kobold brigands (Sewer)
  Blork the orc (D:4)
  2 bullfrogs (D:6)
  A scorpion (D:4)
  3 wights (D:8)
  Dowan (D:4)
  3 killer bees (D:8)
  2 jellies
  A gnoll bouda (D:7)
  A hound (D:5)
  3 orc priests
  3 iguanas
  A sleepcap (D:4)
  Terence (D:2)
  Natasha (thrice) (D:2)
  11 orc wizards
  Robin (D:3)
  5 adders
  2 gnolls (D:7)
  2 river rats (Sewer)
  3 white imps
  6 worms
  3 dart slugs
  22 orcs
  9 ball pythons
  11 endoplasms
  7 giant cockroaches
  16 goblins
  8 hobgoblins
  6 jackals
  7 quokkas
  11 bats
  3 frilled lizards
  15 kobolds
  12 rats
  A spectral orc (D:3)
213 creatures vanquished.

Vanquished Creatures (collateral kills)
  A wraith (D:5)
1 creature vanquished.

Vanquished Creatures (others)
  A gnoll (D:7)
1 creature vanquished.

Grand Total: 215 creatures vanquished

Notes
Turn   | Place    | Note
-------+----------+-------------------------------------------
     0 | D:1      | pokeman the Deep Elf Hedge Wizard began the quest for the
                  | Orb.
     0 | D:1      | Reached XP level 1. HP: 10/10 MP: 7/7
   248 | D:1      | Reached XP level 2. HP: 16/16 MP: 3/9
  1012 | D:1      | Found a faded altar of an unknown god.
  1046 | D:2      | Reached skill level 5 in Spellcasting
  1158 | D:2      | Noticed Natasha
  1165 | D:2      | Killed Natasha
  1166 | D:2      | Reached skill level 1 in Fighting
  1166 | D:2      | Reached skill level 1 in Armour
  1166 | D:2      | Reached XP level 3. HP: 17/20 MP: 2/11
  1170 | D:2      | Learned a level 3 spell: Mephitic Cloud
  1173 | D:2      | Learned a level 2 spell: Call Imp
  1176 | D:2      | Learned a level 2 spell: Blink
  1256 | D:2      | Noticed Natasha
  1265 | D:2      | Killed Natasha
  1266 | D:2      | Reached XP level 4. HP: 22/25 MP: 6/13
  1346 | D:2      | Noticed Natasha
  1354 | D:2      | Killed Natasha
  1731 | D:2      | Noticed Sigmund
  1742 | D:2      | Killed Sigmund
  1743 | D:2      | Reached skill level 6 in Spellcasting
  1743 | D:2      | Reached XP level 5. HP: 17/29 MP: 12/16
  1743 | D:2      | Reached XP level 6. HP: 21/34 MP: 12/17
  2150 | D:2      | Noticed Terence
  2164 | D:2      | Killed Terence
  2411 | D:3      | Found a shadowy altar of Dithmenos.
  2637 | D:3      | Identified the +4 hand axe "Mutwur" {holy, Int+3}
  2831 | D:3      | Noticed Robin
  2852 | D:3      | Killed Robin
  2853 | D:3      | Reached skill level 7 in Spellcasting
  2858 | D:3      | Reached skill level 1 in Earth Magic
  3056 | D:3      | Reached skill level 1 in Air Magic
  3075 | D:3      | Found a basalt altar of Yredelemnul.
  3366 | D:4      | Found an ancient bone altar of Kikubaaqudgha.
  3413 | D:4      | Noticed Blork the orc
  3431 | D:4      | Killed Blork the orc
  3432 | D:4      | Reached skill level 1 in Poison Magic
  3432 | D:4      | Reached XP level 7. HP: 23/38 MP: 11/20
  3624 | D:4      | Reached skill level 1 in Ice Magic
  3624 | D:4      | Reached skill level 1 in Evocations
  3673 | D:4      | Noticed Duvessa
  3678 | D:4      | Noticed Dowan
  3682 | D:4      | Killed Duvessa
  3683 | D:4      | Reached skill level 8 in Spellcasting
  3692 | D:4      | Killed Dowan
  3936 | D:4      | Noticed Eustachio
  3951 | D:4      | Killed Eustachio
  4339 | D:4      | Reached XP level 8. HP: 44/44 MP: 19/22
  4350 | D:4      | Reached skill level 9 in Spellcasting
  4690 | D:4      | Found a broken altar of Ashenzari.
  4873 | D:5      | Entered Level 5 of the Dungeon
  5038 | D:5      | Reached skill level 1 in Necromancy
  5102 | D:5      | Found a glowing drain.
  5110 | Sewer    | Entered a sewer
  5277 | Sewer    | Reached skill level 5 in Conjurations
  5849 | Sewer    | Reached skill level 10 in Spellcasting
  6607 | D:6      | Found a white marble altar of Elyvilon.
  6685 | D:6      | Reached XP level 9. HP: 48/48 MP: 15/25
  7060 | D:6      | Found a staircase to the Ecumenical Temple.
  7069 | Temple   | Entered the Ecumenical Temple
  7080 | Temple   | Became a worshipper of Vehumet
  7107 | D:6      | Reached skill level 11 in Spellcasting
  7407 | D:6      | Found a glowing golden altar of the Shining One.
  7571 | D:7      | Noticed Joseph
  7582 | D:7      | Killed Joseph
  7583 | D:7      | Reached skill level 5 in Earth Magic
  7850 | D:7      | Found Rietuf's Antique Armour Boutique.
  7852 | D:7      | Found Paffeask's Antique Weapon Boutique.
  7854 | D:7      | Found Houbetesm's Antique Weapon Boutique.
  7855 | D:7      | Found Zutt's Distillery.
  7861 | D:7      | Bought a potion of curing for 42 gold pieces
  7861 | D:7      | Bought a potion of curing for 42 gold pieces
  7861 | D:7      | Bought a potion of curing for 42 gold pieces
  7861 | D:7      | Bought a potion of degeneration for 14 gold pieces
  8206 | D:8      | Reached skill level 12 in Spellcasting
  8242 | D:8      | Reached XP level 10. HP: 35/56 MP: 12/28
  8243 | D:8      | Reached * piety under Vehumet
  8243 | D:8      | Offered knowledge of Freeze by Vehumet.
  8528 | D:7      | Learned a level 2 spell: Ensorcelled Hibernation
  8724 | D:8      | Found a blossoming altar of Fedhas.
  9290 | D:9      | Slain by a shadow

Illustrated notes

Levels and vault maps discovered:
D:1:      lightli_arrival_lavapool, layout_loops_ring,
          shapermc_ecumenical_altar_acropolis
D:2:      minmay_recursive_quarters, layout_basic, uniq_terence, uniq_natasha,
          uniq_sigmund
D:3:      minmay_inner_zag, layout_rooms, nicolae_dithmenos_the_darkroom,
          yredelemnul_forgotten_temple_becter, minmay_unequal, uniq_robin
D:4:      minmay_thick_lines, layout_gridville, mainiacjoe_overflow_big_doors,
          minmay_misc_feat_tower, minmay_fractal_squares_gapless_5,
          uniq_blork_the_orc, uniq_duvessa, uniq_eustachio
D:5:      layout_loops_cross, cheibrodos_sewer_entry_sluice
D:6:      layout_rooms, tso_altar, nicolae_overflow_crystal_walls,
          minmay_temple_entry_large_hall
D:7:      layout_rooms, minmay_shop_grid_forest, uniq_joseph
D:8:      layout_gridville, fedhas_altar_1, roderic_lattice_a,
          minmay_misc_feat_pillars, minmay_misc_feat_cross
D:9:      layout_roguey, zombieorc1_lemuel, uniq_erica
Temple:   hellmonk_temple_of_storms

Skill      XL: |  1  2  3  4  5  6  7  8  9 10 |
---------------+-------------------------------+-----
Spellcasting   | 5 6 7 8 10 12 | 12.9
Fighting       | 1 2 3 |  3.9
Armour         | 1 2 3 |  3.0
Conjurations   | 2 3 4 5 7 |  7.3
Dodging        | 3 |  3.2
Stealth        | 3 |  3.3
Earth Magic    | 1 2 4 5 6 |  6.1
Air Magic      | 1 |  1.0
Poison Magic   | 1 |  1.1
Ice Magic      | 1 |  1.2
Evocations     | 1 |  1.3
Necromancy     | 1 |  1.1
Summonings     | |  1.1
Translocations | |  1.1

Action                     |  1- 3 |  4- 6 |  7- 9 | 10-12 || total
---------------------------+-------+-------+-------+-------++-------
  Melee: Dagger            |    12 |    14 |       |       ||    26
         Punch             |     1 |       |       |       ||     1
         Halberd           |       |    47 |   123 |    24 ||   194
         Hand axe          |       |       |    10 |     2 ||    12
   Cast: Magic Dart        |    59 |   100 |   267 |    65 ||   491
         Mephitic Cloud    |     1 |     8 |    31 |     9 ||    49
         Blink             |       |       |     3 |     4 ||     7
         Call Imp          |       |       |     3 |     2 ||     5
   Stab: Confused          |       |     7 |    18 |     5 ||    30
 Armour: Robe              |     9 |    25 |    72 |    36 ||   142
  Dodge: Dodged            |    12 |    28 |    78 |    19 ||   137
  Block: Other             |       |     5 |    23 |    11 ||    39
         Reflection        |       |     2 |     2 |       ||     4

Table legend: (Time is in decaauts)
 A = Elapsed time spent in this place.
 B = Non-inter-level travel time spent in this place.
 C = Inter-level travel time spent in this place.
 D = Time resting spent in this place.
 E = Time spent auto-exploring this place.
 F = Levels seen in this place.
 G = Mean time per level.
                   A        B        C        D        E       F      G
               +--------+--------+--------+--------+--------+-----+--------+
         Total |   9550 |   9243 |    307 |    330 |   7188 |  11 |  868.2 |
       Dungeon |   8445 |   8148 |    297 |    325 |   6315 |   9 |  938.3 |
        Temple |     22 |     12 |     10 |      0 |      0 |   1 |   22.0 |
         Sewer |   1082 |   1082 |      0 |      5 |    873 |   1 | 1082.0 |
               +--------+--------+--------+--------+--------+-----+--------+

Top non-repeatable levels by time:
     D:4: 1600 daAuts
     D:2: 1340 daAuts
   Sewer: 1082 daAuts
     D:1: 1043 daAuts
     D:6: 975 daAuts
     D:3: 962 daAuts
     D:8: 882 daAuts
     D:7: 816 daAuts
     D:5: 787 daAuts
     D:9: 35 daAuts
  Temple: 22 daAuts
